 Dungeon Crawl Stone Soup version 0.31-a0-175-g9f7f995f2b (webtiles) character file.

Game seed: 12069247553556621590

92786 qw the Marksgargoyle (level 16, -5/106 HPs)
             Began as a Gargoyle Hunter on June 17, 2023.
             Was an Elder of Okawaru.
             Killed by divine providence
             ... invoked by an orc high priest
              (10 damage)
             ... on level 2 of the Orcish Mines.
             The game lasted 00:12:22 (21783 turns).

qw the Marksgargoyle (Gargoyle Hunter)             Turns: 21783, Time: 00:12:22

Health: -5/106     AC: 23    Str: 16    XL:     16   Next: 7%
Magic:  21/23      EV: 25    Int: 11    God:    Okawaru [****..]
Gold:   903        SH:  0    Dex: 25    Spells: 15/15 levels left

rFire   . . .        Y - +5 longbow (flame)
rCold   . . .        (shield currently unavailable)
rNeg    + . .        k - +0 troll leather armour
rPois   inf          l - +2 helmet
rElec   +            o - +2 cloak
rCorr   .            t - +1 pair of gloves
SInv    .            a - +2 pair of boots
Will    +....        n - amulet of the acrobat
Stlth   ++++         z - +6 ring of dexterity
HPRegen 1.17/turn    s - +4 ring of protection
MPRegen 0.18/turn

%: acrobat
@: heroic, corroded, flying
A: sickness immunity, AC +12, big wings, negative energy resistance 1,
electricity resistance, torment resistance 1, petrification resistance
a: Renounce Religion, Heroism, Finesse


You were on level 2 of the Orcish Mines.
You worshipped Okawaru.
Okawaru was greatly pleased with you.
You visited 4 branches of the dungeon, and saw 23 of its levels.
You also visited: Ossuary.

You collected 2077 gold pieces.
You spent 1174 gold pieces at shops.


Innate Abilities, Weirdness & Mutations

You are immune to sickness and miasma.
Your stone body is resilient. (AC +12)
You are immune to poison.
Your large and strong wings let you fly.
You resist negative energy. (rN+)
You are resistant to electric shocks. (rElec)
You are resistant to unholy torment.
You are immune to petrification.


   Skills:
 - Level 14.0(19.0) Fighting
 - Level 20.0(25.0) Ranged Weapons
 - Level 8.0(13.0) Armour
 + Level 9.4(14.4) Dodging
 - Level 1.1(6.1) Stealth
 - Level 10.0 Invocations


You had 15 spell levels left.
You didn't know any spells.
Your spell library was empty.

Inventory:

Hand Weapons
 Y - a +5 longbow of flaming (weapon)
Armour
 a - a +2 pair of boots (worn)
 b - a +0 leather armour of fire resistance
 k - a +0 troll leather armour (worn)
 l - a +2 helmet (worn)
 o - a +2 cloak (worn)
 p - the +3 hat of Pondering {ponderous, Will+ MP+10 Int+5}
   (You took it off Gastronok on level 2 of the Lair of Beasts)

   Int:       It affects your intelligence (+5).
   MP:        It affects your magic capacity (+10).
   Will:      It increases your willpower.
 q - a +2 robe of cold resistance
 t - a +1 pair of gloves (worn)
Jewellery
 j - a ring of fire
 n - an amulet of the acrobat (around neck)
 s - a +4 ring of protection (right hand)
 v - a ring of protection from cold
 z - a +6 ring of dexterity (left hand)
Scrolls
 g - 11 scrolls of identify
Potions
 c - 2 potions of resistance
 d - 9 potions of enlightenment
 e - a potion of might
 f - 5 potions of curing
 h - 4 potions of lignification
 i - 4 potions of mutation
 m - 3 potions of haste
 r - a potion of attraction

Dungeon Overview and Level Annotations

Branches:
Dungeon (15/15)            Temple (1/1) D:4            Lair (5/5) D:9
  Swamp (0/4) Lair:2        Snake (0/4) Lair:2        Slime (0/5) Lair:4
    Orc (2/2) D:9             Elf (0/3) Orc:2        Vaults (0/5) D:13
 Depths (0/4) D:15        Ossuary (visited)

Altars:
Ashenzari
Cheibriados
Dithmenos
Elyvilon
Fedhas
Gozag
Hepliaklqana
Kikubaaqudgha
Makhleb
Nemelex Xobeh
Okawaru
Qazlal
Ru
Sif Muna
Trog
Uskayaw
Vehumet
Wu Jian
Xom
Yredelemnul
Zin
The Shining One

Shops:
D:3 *   D:8 ?   D:12 [   D:13 (!([   Orc:2 *

Annotations:
D:15 1 runed translucent door
Lair:3 exclusion: oklob plant
Lair:4 1 runed translucent door


Message History

The sun demon closely misses you. The orc closely misses you.
The troll completely misses you. The troll barely misses you.
The troll completely misses you. The orc sorcerer misses you.
The troll closely misses you. The troll claws you but does no damage.
The troll closely misses you.
The ice devil hits you but does no damage.
The orc warrior hits you with a +0 scimitar.
The orange demon completely misses you.
Enter note:
Enter note:
Enter note:
Enter note:
Enter note:
Enter note:
Enter note:
Enter note: You shoot an arrow.
The arrow hits the sun demon.
The sun demon is lightly wounded.
The sun demon closely misses you. The troll completely misses you.
The troll barely misses you. The troll claws you but does no damage.
The orc completely misses you. The troll barely misses you.
The troll completely misses you. The troll misses you.
The ice devil barely misses you.
Enter note:
Enter note:
Enter note:
Enter note:
Enter note:
Enter note:
Enter note:
Enter note: You shoot an arrow.
The arrow hits the sun demon!!
The sun demon is severely wounded.
The orange demon closely misses you. The sun demon completely misses you.
The troll barely misses you. The troll claws you but does no damage.
The troll completely misses you. The troll misses you.
The troll barely misses you. The troll completely misses you.
The orc high priest calls down the wrath of Beogh upon you.
Beogh smites you!
You die...

.. #. . ..#.. # #
.... .##. ###o...#
.....#.o#o.##..
##...oTT4o....
#....o@34oo... #.
##...4o4o..... ...
#...)oo4.$...
....##..)).#.#...
...####......#..
#...#...).#......
##.#......## ......
##...#......##......
#..........##......


You could see 2 orc high priests, a sun demon (summoned), an orange demon
(summoned), 2 hellwings, 2 ice devils, 2 trolls, an orc sorcerer, 5 orc warriors
and 4 orcs.

Vanquished Creatures
  Jorgrun (D:13)
  Frances (D:13)
  Gastronok (Lair:2)
  Kirke (D:12)
  An orc warlord (Orc:2)
  An ironbound preserver (D:13)
  Nessos (Lair:4)
  Azrael (D:12)
  2 rakshasas (D:15)
  A great orb of eyes (D:15)
  6 hydras
  2 centaur warriors
  Erica (Orc:1)
  A death knight (D:13)
  A catoblepas (Lair:3)
  7 boulder beetles
  6 two-headed ogres
  14 death yaks
  An orc high priest (Orc:2)
  Sonja (Lair:3)
  3 skysharks
  A deep elf pyromancer (D:14)
  4 orc knights
  A mana viper (shapeshifter) (D:15)
  6 ugly things
  4 orc sorcerers
  5 manticores
  6 cyclopes
  6 elephants
  Maurice (Orc:1)
  Maggie (D:6)
  7 black mambas
  A gargoyle (D:12)
  A torpor snail (Lair:3)
  5 kobold demonologists
  An unseen horror (D:12)
  8 cane toads
  Psyche (D:10)
  An efreet (D:14)
  A rime drake (Lair:4)
  3 meliai (Lair:4)
  12 polar bears
  6 komodo dragons
  A merfolk (shapeshifter) (D:15)
  5 trolls
  A queen bee (Lair:4)
  2 hornets
  Prince Ribbit (D:7)
  2 raiju (Lair:5)
  A blink frog (Lair:4)
  2 centaur simulacra (D:15)
  A shadow (D:11)
  15 slime creatures
  2 vampires
  55 yaks
  6 wraiths
  4 wyverns
  Grum (Lair:1)
  2 steam dragons
  7 hogs (D:12)
  4 basilisks
  2 fire elementals (D:12)
  6 vampire mosquitoes
  10 wargs
  An acid dragon (D:10)
  16 hell hounds
  19 orc warriors
  9 water moccasins
  16 black bears
  4 ice beasts
  2 ogres
  6 centaurs
  32 wolves
  3 kobold brigands
  6 bullfrogs
  4 scorpions
  5 wights (D:8)
  41 killer bees
  A hornet simulacrum (D:14)
  6 howler monkeys
  8 electric eels
  A centaur zombie (Ossuary)
  A hound (D:5)
  A jelly (D:6)
  A human zombie (Ossuary)
  2 sleepcaps
  8 orc priests
  2 iguanas
  22 orc wizards
  4 mummies (Ossuary)
  11 gnolls
  10 adders
  A white imp (D:6)
  An ufetubus (D:6)
  4 dart slugs
  50 orcs
  11 bats
  5 endoplasms
  5 giant cockroaches
  11 goblins
  5 hobgoblins
  8 jackals
  18 kobolds
  4 quokkas
  7 ball pythons
  5 frilled lizards
  2 hobgoblin zombies (Ossuary)
  4 orc zombies (Ossuary)
  6 rats
655 creatures vanquished.

Notes
Turn   | Place    | Note
-------+----------+-------------------------------------------
     0 | D:1      | qw the Gargoyle Hunter began the quest for the Orb.
     0 | D:1      | Reached XP level 1. HP: 12/12 MP: 1/1
     0 | D:1      | 0 ||| qw: Version: 0.3-a-2-g5ab2908
     0 | D:1      | 0 ||| qw: Game counter: 138
     0 | D:1      | 0 ||| qw: Always use a shield: true
     0 | D:1      | 0 ||| qw: God list: Okawaru
     0 | D:1      | 0 ||| qw: Allow faded altars: false
     0 | D:1      | 0 ||| qw: Do Orc after D:15 true
     0 | D:1      | 0 ||| qw: Do second Lair branch before Depths: true
     0 | D:1      | 0 ||| qw: Lair rune preference: random
     0 | D:1      | 0 ||| qw: Plans: Normal, Zot:1-4, Slime:5, God:TSO, Crypt,
                  | Tomb, Abyss, Pan, Hells, Win
     0 | D:1      | 0 ||| PLANNING D:1-11
   129 | D:1      | Reached XP level 2. HP: 17/17 MP: 2/2
   155 | D:1      | Found a faded altar of an unknown god.
   543 | D:1      | Reached XP level 3. HP: 21/21 MP: 3/3
   592 | D:1      | Reached skill level 5 in Ranged Weapons
   884 | D:1      | 884 ||| READING scroll labelled XOJ HUPLUGIPEPH.
   885 | D:1      | 885 ||| READING scroll labelled MYLECH VASTRU.
   885 | D:1      | Identified a scroll of acquirement
   885 | D:1      | 885 ||| ACQUIRING +3 antimagic longbow
   885 | D:1      | Acquired a +3 antimagic longbow
   887 | D:1      | 887 ||| SWAPPING to +3 antimagic longbow.
   888 | D:1      | 888 ||| READING scroll labelled FUXTEAVENWESK.
   891 | D:1      | 891 ||| DRINKING 2 puce potions.
   892 | D:1      | 892 ||| DROPPING scroll of butterflies.
   953 | D:2      | Reached skill level 3 in Fighting
  1131 | D:2      | Reached XP level 4. HP: 28/28 MP: 1/4
  1589 | D:2      | 1589 ||| READING scroll labelled EKU TATTYGHOOZ.
  1590 | D:2      | 1590 ||| READING scroll labelled YNNOWNINWO.
  1591 | D:2      | 1591 ||| READING scroll labelled KIJISON VOKHLA.
  1592 | D:2      | 1592 ||| READING scroll labelled TUOTZEETOGG.
  1929 | D:3      | Noticed a black bear
  1930 | D:3      | Reached skill level 6 in Ranged Weapons
  1930 | D:3      | Reached XP level 5. HP: 32/32 MP: 1/5
  1936 | D:3      | Killed a black bear
  1937 | D:3      | Reached XP level 6. HP: 38/39 MP: 2/6
  1951 | D:3      | 1951 ||| Stepping ~*~*~tactically~*~*~ (outnumbered).
  1955 | D:3      | 1955 ||| Stepping ~*~*~tactically~*~*~ (outnumbered).
  1957 | D:3      | HP: 9/39 [gnoll/+0 spear (3)]
  1960 | D:3      | HP: 4/39 [gnoll/+0 spear (3)]
  1964 | D:3      | HP: 1/39 [gnoll/+0 spear (2)]
  2171 | D:3      | Found Mooph's General Store.
  2179 | D:3      | 2179 ||| BUYING potion of curing (36 gold).
  2179 | D:3      | Bought a potion of curing for 36 gold pieces
  2179 | D:3      | 2179 ||| BUYING potion of enlightenment (60 gold).
  2179 | D:3      | Bought a potion of enlightenment for 60 gold pieces
  2179 | D:3      | 2179 ||| SHOPLISTING scroll of enchant weapon (90 gold,
                  | have 25).
  2255 | D:3      | 2255 ||| UPGRADING to +3 ring mail.
  2265 | D:3      | 2265 ||| DROPPING +0 leather armour.
  2266 | D:3      | 2266 ||| READING scroll labelled ZIBBUG RINWUGG.
  2294 | D:4      | 2294 ||| PLANNING OSSUARY
  2295 | D:4      | Found a white marble altar of Elyvilon.
  2416 | D:4      | Found a sand-covered staircase.
  2425 | Ossuary  | Entered an ossuary
  2467 | Ossuary  | Reached skill level 1 in Armour
  2495 | Ossuary  | Reached skill level 7 in Ranged Weapons
  2500 | Ossuary  | Reached XP level 7. HP: 44/44 MP: 2/7
  2588 | Ossuary  | 2588 ||| READING scroll labelled IMAGAJ QOIPU.
  2589 | Ossuary  | 2589 ||| READING scroll labelled LOOWKE VAUXUJ.
  2590 | Ossuary  | 2590 ||| DROPPING +0 shortbow.
  2639 | Ossuary  | 2639 ||| READING 2 scrolls labelled VOSI JIUZALIUR.
  2640 | Ossuary  | 2640 ||| DRINKING 2 yellow potions.
  2641 | Ossuary  | 2641 ||| DROPPING potion of brilliance.
  2657 | D:4      | 2657 ||| PLANNING D:1-11
  3085 | D:4      | Found a staircase to the Ecumenical Temple.
  3086 | D:4      | 3086 ||| PLANNING TEMPLE
  3086 | D:4      | 3086 ||| UPGRADING to +0 pair of boots.
  3091 | D:4      | 3091 ||| READING scroll of enchant armour.
  3091 | D:4      | 3091 ||| ENCHANTING +0 pair of boots.
  3100 | Temple   | Entered the Ecumenical Temple
  3101 | Temple   | 3101 ||| PLANNING OKAWARU WORSHIP
  3135 | Temple   | Became a worshipper of Warmaster Okawaru
  3136 | Temple   | 3136 ||| PLANNING D:1-11
  3264 | D:4      | Reached skill level 8 in Ranged Weapons
  3544 | D:4      | 3544 ||| DRINKING 2 sedimented brown potions.
  3645 | D:5      | Entered Level 5 of the Dungeon
  3670 | D:5      | HP: 9/44 [centaur (5)]
  3692 | D:5      | 3692 ||| FLEEEEING.
  3696 | D:5      | 3696 ||| STAIRDANCE
  3807 | D:5      | Reached XP level 8. HP: 50/50 MP: 8/8
  3992 | D:5      | Found a shimmering blue altar of Sif Muna.
  4142 | D:5      | Reached * piety under Okawaru
  4290 | D:5      | Reached skill level 1 in Invocations
  4553 | D:5      | 4553 ||| READING scroll labelled VOFOET ONKIEBB.
  4554 | D:5      | 4554 ||| READING scroll labelled WATAOWOLAW.
  4555 | D:5      | 4555 ||| READING 3 scrolls of identify.
  4555 | D:5      | 4555 ||| IDENTIFYING ruby potion
  4556 | D:5      | 4556 ||| READING 2 scrolls of identify.
  4556 | D:5      | 4556 ||| IDENTIFYING fizzy orange potion
  4577 | D:6      | 4577 ||| FLEEEEING.
  4585 | D:6      | Reached skill level 9 in Ranged Weapons
  4599 | D:6      | Found a burning altar of Makhleb.
  4612 | D:6      | Noticed a hornet
  4623 | D:6      | 4623 ||| INVOKING Heroism.
  4625 | D:6      | Killed a hornet
  4626 | D:6      | Reached skill level 6 in Fighting
  4626 | D:6      | Reached skill level 3 in Invocations
  4816 | D:6      | 4816 ||| INVOKING Heroism.
  4845 | D:6      | Reached XP level 9. HP: 55/55 MP: 12/12
  4850 | D:6      | 4850 ||| INVOKING Heroism.
  4857 | D:6      | 4857 ||| Stepping ~*~*~tactically~*~*~ (cloud).
  4940 | D:6      | Noticed Maggie
  4947 | D:6      | Killed Maggie
  4947 | D:6      | Reached ** piety under Okawaru
  4948 | D:6      | Reached skill level 10 in Ranged Weapons
  4964 | D:6      | 4964 ||| READING scroll of enchant weapon.
  4964 | D:6      | 4964 ||| ENCHANTING +4 longbow of flaming.
  5208 | D:6      | 5208 ||| UPGRADING to +2 helmet.
  5282 | D:7      | Noticed Prince Ribbit
  5283 | D:7      | 5283 ||| INVOKING Heroism.
  5291 | D:7      | Killed Prince Ribbit
  5292 | D:7      | Reached skill level 3 in Armour
  5342 | D:7      | Found an ornate altar of the Wu Jian Council.
  5521 | D:7      | 5521 ||| INVOKING Heroism.
  5564 | D:7      | 5564 ||| READING scroll of enchant armour.
  5564 | D:7      | 5564 ||| ENCHANTING +1 pair of boots.
  5605 | D:7      | 5605 ||| INVOKING Heroism.
  5708 | D:7      | Found a shadowy altar of Dithmenos.
  5737 | D:7      | Found a bloodstained altar of Trog.
  5911 | D:7      | Reached skill level 11 in Ranged Weapons
  6017 | D:7      | 6017 ||| DROPPING ring of flight.
  6018 | D:7      | 6018 ||| READING 2 scrolls of identify.
  6018 | D:7      | 6018 ||| IDENTIFYING golden potion
  6085 | D:8      | Found a hazy altar of Hepliaklqana.
  6091 | D:8      | Found a sacrificial altar of Ru.
  6145 | D:8      | Found a blossoming altar of Fedhas.
  6236 | D:8      | Noticed a two-headed ogre
  6237 | D:8      | 6237 ||| INVOKING Heroism.
  6240 | D:8      | Killed a two-headed ogre
  6241 | D:8      | Reached XP level 10. HP: 63/63 MP: 10/13
  6324 | D:8      | 6324 ||| INVOKING Heroism.
  6515 | D:8      | 6515 ||| INVOKING Heroism.
  6519 | D:8      | 6519 ||| Stepping ~*~*~tactically~*~*~ (cloud).
  6564 | D:8      | Found Quqeplat's Magic Scroll Shop.
  6568 | D:8      | 6568 ||| BUYING scroll of enchant armour (90 gold).
  6568 | D:8      | Bought a scroll of enchant armour for 90 gold pieces
  6568 | D:8      | 6568 ||| BUYING scroll of identify (24 gold).
  6568 | D:8      | Bought a scroll of identify for 24 gold pieces
  6568 | D:8      | 6568 ||| BUYING scroll of identify (24 gold).
  6568 | D:8      | Bought a scroll of identify for 24 gold pieces
  6568 | D:8      | 6568 ||| BUYING scroll of teleportation (36 gold).
  6568 | D:8      | Bought a scroll of teleportation for 36 gold pieces
  6613 | D:8      | 6613 ||| Stepping ~*~*~tactically~*~*~ (outnumbered).
  6842 | D:8      | Noticed a cyclops
  6843 | D:8      | 6843 ||| INVOKING Heroism.
  6847 | D:8      | Killed a cyclops
  6847 | D:8      | Reached *** piety under Okawaru
  6910 | D:8      | 6910 ||| UPGRADING to +0 cloak.
  6915 | D:8      | 6915 ||| READING scroll of enchant armour.
  6915 | D:8      | 6915 ||| ENCHANTING +0 cloak.
  6960 | D:9      | 6960 ||| INVOKING Heroism.
  6989 | D:9      | 6989 ||| INVOKING Heroism.
  7123 | D:9      | 7123 ||| Stepping ~*~*~tactically~*~*~ (outnumbered).
  7142 | D:9      | 7142 ||| FLEEEEING.
  7143 | D:9      | 7143 ||| FLEEEEING.
  7144 | D:9      | 7144 ||| DRINKING 2 potions of curing.
  7144 | D:9      | 7144 ||| (to cure confusion)
  7145 | D:9      | 7145 ||| FLEEEEING.
  7146 | D:9      | 7146 ||| STAIRDANCE
  7154 | D:8      | Reached skill level 12 in Ranged Weapons
  7176 | D:9      | 7176 ||| STAIRDANCE
  7213 | D:9      | Found a staircase to the Lair.
  7228 | D:9      | 7228 ||| INVOKING Heroism.
  7320 | D:9      | 7320 ||| Stepping ~*~*~tactically~*~*~ (outnumbered).
  7326 | D:9      | 7326 ||| Stepping ~*~*~tactically~*~*~ (outnumbered).
  7363 | D:9      | Reached skill level 13 in Ranged Weapons
  7444 | D:9      | Reached **** piety under Okawaru
  7445 | D:9      | Reached XP level 11. HP: 59/69 MP: 14/14
  7513 | D:9      | 7513 ||| INVOKING Heroism.
  7516 | D:9      | 7516 ||| Stepping ~*~*~tactically~*~*~ (outnumbered).
  7536 | D:9      | 7536 ||| INVOKING Heroism.
  7558 | D:9      | 7558 ||| INVOKING Heroism.
  7592 | D:9      | Noticed a two-headed ogre
  7593 | D:9      | 7593 ||| INVOKING Heroism.
  7595 | D:9      | Killed a two-headed ogre
  7596 | D:9      | Reached skill level 9 in Fighting
  7661 | D:9      | 7661 ||| INVOKING Heroism.
  7694 | D:9      | 7694 ||| INVOKING Heroism.
  7709 | D:9      | Found a staircase to the Orcish Mines.
  7760 | D:9      | 7760 ||| INVOKING Heroism.
  7820 | D:9      | 7820 ||| Stepping ~*~*~tactically~*~*~ (outnumbered).
  7822 | D:9      | 7822 ||| Stepping ~*~*~tactically~*~*~ (outnumbered).
  7932 | D:9      | 7932 ||| FLEEEEING.
  7933 | D:9      | 7933 ||| FLEEEEING.
  7934 | D:9      | 7934 ||| FLEEEEING.
  7935 | D:9      | 7935 ||| FLEEEEING.
  7948 | D:9      | 7948 ||| INVOKING Heroism.
  8059 | D:9      | Noticed an angel
  8060 | D:9      | Found a glowing silver altar of Zin.
  8152 | D:9      | 8152 ||| PLANNING LAIR
  8189 | Lair:1   | Entered Level 1 of the Lair of Beasts
  8196 | Lair:1   | 8196 ||| STAIRDANCE
  8264 | Lair:1   | 8264 ||| STAIRDANCE
  8428 | Lair:1   | 8428 ||| INVOKING Heroism.
  8569 | Lair:1   | You fall into a shaft and drop 1 floor!
  8570 | Lair:2   | 8570 ||| INVOKING Heroism.
  8592 | Lair:2   | Noticed a death yak
  8595 | Lair:2   | 8595 ||| INVOKING Heroism.
  8596 | Lair:2   | Noticed a death yak
  8601 | Lair:2   | Killed a death yak
  8602 | Lair:2   | Reached skill level 6 in Invocations
  8604 | Lair:2   | Noticed a death yak
  8605 | Lair:2   | Noticed a death yak
  8607 | Lair:2   | Killed a death yak
  8607 | Lair:2   | Reached ***** piety under Okawaru
  8608 | Lair:2   | Reached skill level 14 in Ranged Weapons
  8608 | Lair:2   | 8608 ||| INVOKING Finesse.
  8616 | Lair:2   | Killed a death yak
  8617 | Lair:2   | 8617 ||| INVOKING Heroism.
  8625 | Lair:2   | Killed a death yak
  8626 | Lair:2   | HP: 14/72 [yak (9)]
  8627 | Lair:2   | 8627 ||| READING 8 scrolls of teleportation.
  8628 | Lair:2   | 8628 ||| DRINKING potion of heal wounds.
  8631 | Lair:2   | Reached XP level 12. HP: 23/77 MP: 9/17
  8631 | Lair:2   | Found a staircase to the Swamp.
  8868 | Lair:2   | 8868 ||| INVOKING Heroism.
  8924 | Lair:2   | Found a frozen archway.
  9171 | Lair:2   | 9171 ||| INVOKING Heroism.
  9179 | Lair:2   | Noticed Gastronok
  9185 | Lair:2   | Killed Gastronok
  9369 | Lair:2   | 9369 ||| READING 7 scrolls of identify.
  9369 | Lair:2   | 9369 ||| IDENTIFYING dark potion
  9370 | Lair:2   | 9370 ||| DROPPING potion of ambrosia.
  9374 | Lair:2   | 9374 ||| INVOKING Heroism.
  9377 | Lair:2   | Noticed a skyshark
  9382 | Lair:2   | Killed a skyshark
  9382 | Lair:2   | Received a gift from Okawaru
  9426 | Lair:1   | Noticed Grum
  9426 | Lair:1   | 9426 ||| INVOKING Heroism.
  9427 | Lair:1   | 9427 ||| INVOKING Finesse.
  9433 | Lair:1   | Reached skill level 9 in Invocations
  9434 | Lair:1   | Killed Grum
  9484 | Lair:1   | 9484 ||| READING scroll of acquirement.
  9484 | Lair:1   | 9484 ||| ACQUIRING ring "Rinicwol" {Wiz Str-2 Int+3 Dex+3
                  | Stlth+}
  9484 | Lair:1   | Acquired the ring "Rinicwol" {Wiz Str-2 Int+3 Dex+3 Stlth+}
  9486 | Lair:1   | 9486 ||| UPGRADING to ring "Rinicwol" {Wiz Str-2 Int+3
                  | Dex+3 Stlth+}.
  9549 | Lair:1   | 9549 ||| INVOKING Heroism.
  9724 | Lair:1   | Reached skill level 15 in Ranged Weapons
  9884 | Lair:1   | 9884 ||| READING 6 scrolls of identify.
  9884 | Lair:1   | 9884 ||| IDENTIFYING green potion
  9885 | Lair:1   | 9885 ||| READING 5 scrolls of identify.
  9885 | Lair:1   | 9885 ||| IDENTIFYING coppery potion
  9886 | Lair:1   | 9886 ||| DROPPING potion of berserk rage.
 10091 | Lair:2   | Found a staircase to the Snake Pit.
 10240 | Lair:2   | Noticed a death yak
 10241 | Lair:2   | 10241 ||| INVOKING Heroism.
 10245 | Lair:2   | Noticed a death yak
 10246 | Lair:2   | Killed a death yak
 10248 | Lair:2   | Noticed a death yak
 10254 | Lair:2   | Killed a death yak
 10255 | Lair:2   | 10255 ||| INVOKING Finesse.
 10261 | Lair:2   | Killed a death yak
 10372 | Lair:2   | 10372 ||| READING 4 scrolls of identify.
 10372 | Lair:2   | 10372 ||| IDENTIFYING bubbling grey potion
 10445 | Lair:3   | 10445 ||| INVOKING Heroism.
 10449 | Lair:3   | Reached skill level 6 in Armour
 10608 | Lair:3   | 10608 ||| INVOKING Heroism.
 10637 | Lair:3   | 10637 ||| READING scroll of enchant armour.
 10637 | Lair:3   | 10637 ||| ENCHANTING +1 cloak.
 10656 | Lair:3   | Noticed a catoblepas
 10660 | Lair:3   | 10660 ||| INVOKING Heroism.
 10673 | Lair:3   | Killed a catoblepas
 10678 | Lair:3   | Reached XP level 13. HP: 65/82 MP: 20/20
 10810 | Lair:3   | Identified the +1 buckler "Elaufubrytt" {Rampage rElec
                  | rPois Str+3} (Okawaru gifted it to you on level 3 of the
                  | Lair of Beasts)
 10810 | Lair:3   | Received a gift from Okawaru
 10822 | Lair:3   | Reached skill level 16 in Ranged Weapons
 10822 | Lair:3   | 10822 ||| INVOKING Heroism.
 10917 | Lair:3   | Noticed Sonja
 10919 | Lair:3   | Killed Sonja
 11092 | Lair:3   | 11092 ||| INVOKING Heroism.
 11679 | Lair:4   | 11679 ||| INVOKING Heroism.
 11795 | Lair:4   | 11795 ||| INVOKING Heroism.
 11886 | Lair:4   | 11886 ||| INVOKING Heroism.
 12209 | Lair:4   | 12209 ||| INVOKING Heroism.
 12214 | Lair:4   | Reached skill level 17 in Ranged Weapons
 12352 | Lair:4   | 12352 ||| INVOKING Heroism.
 12368 | Lair:4   | 12368 ||| Stepping ~*~*~tactically~*~*~ (outnumbered).
 12383 | Lair:4   | Received a gift from Okawaru
 12384 | Lair:4   | Reached skill level 6 in Dodging
 12387 | Lair:4   | HP: 19/84 [killer bee (4)]
 12388 | Lair:4   | 12388 ||| READING 10 scrolls of teleportation.
 12390 | Lair:4   | HP: 9/84 [killer bee (3)]
 12410 | Lair:4   | 12410 ||| READING 9 scrolls of teleportation.
 12417 | Lair:4   | 12417 ||| READING 8 scrolls of teleportation.
 12421 | Lair:4   | HP: 13/84 [black mamba (5)]
 12422 | Lair:4   | 12422 ||| INVOKING Heroism.
 12431 | Lair:4   | 12431 ||| READING 7 scrolls of teleportation.
 12435 | Lair:4   | 12435 ||| READING 6 scrolls of teleportation.
 12807 | Lair:4   | 12807 ||| INVOKING Heroism.
 13010 | Lair:4   | 13010 ||| UPGRADING to +0 pair of gloves.
 13018 | Lair:4   | 13018 ||| UPGRADING to +4 ring of protection.
 13058 | Lair:4   | Found a runed translucent door.
 13059 | Lair:4   | Found a staircase to the Slime Pits.
 13059 | Lair:4   | Noticed an acid blob
 13059 | Lair:4   | Noticed an acid blob
 14747 | Lair:5   | Entered Level 5 of the Lair of Beasts
 14748 | Lair:5   | 14748 ||| INVOKING Heroism.
 14751 | Lair:5   | Noticed Nessos
 14762 | Lair:5   | 14762 ||| STAIRDANCE
 14762 | Lair:5   | HP: 14/84 [Nessos/arrow (22)]
 14764 | Lair:4   | 14764 ||| READING 5 scrolls of teleportation.
 15024 | Lair:4   | 15024 ||| INVOKING Heroism.
 15034 | Lair:4   | Gained mutation: Your large and strong wings let you fly.
                  | [Gargoyle growth]
 15034 | Lair:4   | Reached XP level 14. HP: 86/90 MP: 19/21
 15083 | Lair:5   | 15083 ||| STAIRDANCE
 15087 | Lair:4   | Killed Nessos
 15190 | Lair:5   | 15190 ||| INVOKING Heroism.
 15226 | Lair:5   | Reached skill level 18 in Ranged Weapons
 15349 | Lair:5   | 15349 ||| INVOKING Heroism.
 15479 | Lair:5   | Reached skill level 12 in Fighting
 15721 | Lair:5   | 15721 ||| INVOKING Heroism.
 15764 | Lair:5   | 15764 ||| INVOKING Heroism.
 15822 | Lair:5   | Identified the +0 robe of Distant Shores {Fly rElec Str+3}
 16018 | Lair:5   | 16018 ||| Stepping ~*~*~tactically~*~*~ (outnumbered).
 16042 | Lair:5   | 16042 ||| INVOKING Heroism.
 16128 | Lair:5   | 16128 ||| INVOKING Heroism.
 16309 | Lair:5   | 16309 ||| PLANNING D:1-11
 16309 | Lair:5   | 16309 ||| DROPPING +0 robe of Distant Shores {Fly rElec
                  | Str+3}.
 16455 | D:10     | Entered Level 10 of the Dungeon
 16564 | D:10     | 16564 ||| Stepping ~*~*~tactically~*~*~ (outnumbered).
 16566 | D:10     | 16566 ||| Stepping ~*~*~tactically~*~*~ (outnumbered).
 16639 | D:10     | Noticed Psyche
 16643 | D:10     | Killed Psyche
 16738 | D:10     | Found the +8 trident of the Octopus King {venom, rElec
                  | rPois}
 17408 | D:11     | Reached skill level 19 in Ranged Weapons
 17684 | D:11     | Identified the ring "Qirrotuw" {rElec SInv}
 17882 | D:11     | 17882 ||| DROPPING +2 pair of boots.
 17883 | D:11     | 17883 ||| PLANNING D
 17883 | D:11     | 17883 ||| UPGRADING to ring "Qirrotuw" {rElec SInv}.
 17885 | D:11     | 17885 ||| UPGRADING to +6 ring of dexterity.
 17887 | D:11     | 17887 ||| DROPPING ring "Rinicwol" {Wiz Str-2 Int+3 Dex+3
                  | Stlth+}.
 17888 | D:11     | 17888 ||| DROPPING ring "Qirrotuw" {rElec SInv}.
 17889 | D:11     | 17889 ||| READING scroll labelled XOUGESUUMA.
 17971 | D:12     | 17971 ||| INVOKING Heroism.
 17972 | D:12     | 17972 ||| INVOKING Finesse.
 18001 | D:12     | 18001 ||| Stepping randomly (disturbance).
 18002 | D:12     | 18002 ||| Stepping randomly (disturbance).
 18068 | D:12     | Noticed Kirke
 18069 | D:12     | 18069 ||| INVOKING Heroism.
 18076 | D:12     | Received a gift from Okawaru
 18086 | D:12     | Noticed a sphinx
 18091 | D:12     | 18091 ||| DRINKING 2 potions of cancellation.
 18100 | D:12     | 18100 ||| DRINKING potion of cancellation.
 18120 | D:12     | 18120 ||| INVOKING Finesse.
 18124 | D:12     | 18124 ||| INVOKING Heroism.
 18125 | D:12     | Killed Kirke
 18147 | D:12     | Reached XP level 15. HP: 57/97 MP: 16/22
 18289 | D:12     | 18289 ||| FLEEEEING.
 18290 | D:12     | 18290 ||| FLEEEEING.
 18291 | D:12     | 18291 ||| FLEEEEING.
 18292 | D:12     | 18292 ||| FLEEEEING.
 18293 | D:12     | 18293 ||| FLEEEEING.
 18294 | D:12     | 18294 ||| FLEEEEING.
 18295 | D:12     | 18295 ||| FLEEEEING.
 18296 | D:12     | 18296 ||| FLEEEEING.
 18297 | D:12     | 18297 ||| FLEEEEING.
 18298 | D:12     | 18298 ||| FLEEEEING.
 18299 | D:12     | 18299 ||| FLEEEEING.
 18307 | D:12     | 18307 ||| FLEEEEING.
 18308 | D:12     | 18308 ||| FLEEEEING.
 18309 | D:12     | 18309 ||| FLEEEEING.
 18310 | D:12     | 18310 ||| FLEEEEING.
 18325 | D:12     | 18325 ||| FLEEEEING.
 18326 | D:12     | 18326 ||| FLEEEEING.
 18327 | D:12     | 18327 ||| FLEEEEING.
 18329 | D:12     | 18329 ||| STAIRDANCE
 18388 | D:11     | 18388 ||| UPGRADING to +0 troll leather armour.
 18398 | D:11     | 18398 ||| DROPPING +3 ring mail.
 18410 | D:12     | Noticed Azrael
 18411 | D:12     | 18411 ||| INVOKING Heroism.
 18412 | D:12     | 18412 ||| INVOKING Finesse.
 18419 | D:12     | Killed Azrael
 18571 | D:12     | Found Azurein's Antique Armour Shoppe.
 18578 | D:12     | 18578 ||| BUYING glowing ring mail (294 gold).
 18578 | D:12     | Bought a glowing ring mail for 294 gold pieces
 18578 | D:12     | 18578 ||| BUYING transparent leather armour (294 gold).
 18578 | D:12     | Bought a transparent leather armour for 294 gold pieces
 18578 | D:12     | Identified the +3 leather armour of Ru's Vengeance {*Slow
                  | rPois Dex+3} (You bought it in a shop on level 12 of the
                  | Dungeon)
 18645 | D:12     | Identified the +0 leather armour of Xom's Brutal Revenge
                  | {rElec Regen+}
 18822 | D:12     | 18822 ||| DROPPING +0 ring mail of poison resistance.
 18823 | D:12     | 18823 ||| DROPPING +3 leather armour of Ru's Vengeance
                  | {*Slow rPois Dex+3}.
 18824 | D:12     | 18824 ||| DROPPING +0 leather armour of Xom's Brutal
                  | Revenge {rElec Regen+}.
 18906 | D:13     | 18906 ||| INVOKING Heroism.
 18909 | D:13     | 18909 ||| READING 4 scrolls of teleportation.
 19116 | D:13     | Found Ysubeas's Antique Weapon Emporium.
 19137 | D:13     | Noticed Jorgrun
 19138 | D:13     | 19138 ||| INVOKING Heroism.
 19149 | D:13     | Killed Jorgrun
 19200 | D:13     | 19200 ||| INVOKING Heroism.
 19290 | D:13     | Found Doirubri's Weapon Shoppe.
 19290 | D:13     | Found Cesistra's Distillery.
 19299 | D:13     | 19299 ||| BUYING potion of curing (39 gold).
 19299 | D:13     | Bought a potion of curing for 39 gold pieces
 19299 | D:13     | 19299 ||| BUYING potion of curing (39 gold).
 19299 | D:13     | Bought a potion of curing for 39 gold pieces
 19299 | D:13     | 19299 ||| BUYING potion of curing (39 gold).
 19299 | D:13     | Bought a potion of curing for 39 gold pieces
 19299 | D:13     | 19299 ||| BUYING potion of lignification (39 gold).
 19299 | D:13     | Bought a potion of lignification for 39 gold pieces
 19352 | D:13     | Found Jonuzir's Antique Armour Boutique.
 19361 | D:13     | 19361 ||| BUYING glowing leather armour (160 gold).
 19361 | D:13     | Bought a glowing leather armour for 160 gold pieces
 19396 | D:13     | Noticed Frances
 19397 | D:13     | 19397 ||| INVOKING Heroism.
 19407 | D:13     | Killed Frances
 19408 | D:13     | Reached skill level 9 in Dodging
 19601 | D:13     | 19601 ||| READING 3 scrolls of teleportation.
 19603 | D:13     | 19603 ||| INVOKING Heroism.
 19626 | D:13     | 19626 ||| READING 2 scrolls of teleportation.
 19627 | D:13     | 19627 ||| FLEEEEING.
 19637 | D:13     | 19637 ||| READING scroll of teleportation.
 19638 | D:13     | 19638 ||| FLEEEEING.
 19639 | D:13     | 19639 ||| FLEEEEING.
 19696 | D:13     | Found a gate to the Vaults.
 19771 | D:14     | 19771 ||| STAIRDANCE
 19790 | D:14     | 19790 ||| STAIRDANCE
 19793 | D:13     | 19793 ||| INVOKING Heroism.
 20002 | D:14     | 20002 ||| INVOKING Heroism.
 20013 | D:14     | 20013 ||| Stepping ~*~*~tactically~*~*~ (outnumbered).
 20141 | D:14     | 20141 ||| FLEEEEING.
 20142 | D:14     | 20142 ||| FLEEEEING.
 20153 | D:14     | 20153 ||| FLEEEEING.
 20154 | D:14     | 20154 ||| FLEEEEING.
 20155 | D:14     | 20155 ||| FLEEEEING.
 20156 | D:14     | 20156 ||| FLEEEEING.
 20159 | D:14     | 20159 ||| FLEEEEING.
 20160 | D:14     | 20160 ||| FLEEEEING.
 20161 | D:14     | 20161 ||| FLEEEEING.
 20208 | D:14     | Identified the +4 mace of Jipleist {heavy, rF- Dex+4 SInv}
 20378 | D:14     | 20378 ||| UPGRADING to amulet of the acrobat.
 20397 | D:15     | Entered Level 15 of the Dungeon
 20417 | D:15     | 20417 ||| INVOKING Heroism.
 20590 | D:15     | Found a runed translucent door.
 20646 | D:15     | 20646 ||| INVOKING Heroism.
 20671 | D:15     | 20671 ||| INVOKING Heroism.
 20725 | D:15     | Reached skill level 20 in Ranged Weapons
 20737 | D:15     | 20737 ||| READING scroll of enchant armour.
 20737 | D:15     | 20737 ||| ENCHANTING +0 pair of gloves.
 20742 | D:15     | 20742 ||| DRINKING 7 potions of curing.
 20742 | D:15     | 20742 ||| (to cure confusion)
 20746 | D:15     | 20746 ||| Stepping ~*~*~tactically~*~*~ (outnumbered).
 20768 | D:15     | Found a staircase to the Depths.
 20849 | D:15     | 20849 ||| DROPPING ring of positive energy.
 20850 | D:15     | 20850 ||| PLANNING ORC
 21003 | Orc:1    | Entered Level 1 of the Orcish Mines
 21003 | Orc:1    | Noticed Maurice
 21008 | Orc:1    | 21008 ||| STAIRDANCE
 21010 | D:9      | 21010 ||| DRINKING 6 potions of curing.
 21010 | D:9      | 21010 ||| (to cure confusion)
 21024 | Orc:1    | Paralysed by Maurice for 3 turns
 21028 | Orc:1    | 21028 ||| STAIRDANCE
 21056 | Orc:1    | Killed Maurice
 21127 | Orc:1    | Noticed Erica
 21128 | Orc:1    | 21128 ||| INVOKING Heroism.
 21129 | Orc:1    | 21129 ||| INVOKING Finesse.
 21131 | Orc:1    | Killed Erica
 21179 | Orc:1    | 21179 ||| INVOKING Heroism.
 21219 | Orc:1    | 21219 ||| FLEEEEING.
 21574 | Orc:1    | 21574 ||| INVOKING Heroism.
 21575 | Orc:1    | 21575 ||| Stepping ~*~*~tactically~*~*~ (outnumbered).
 21653 | Orc:2    | Entered Level 2 of the Orcish Mines
 21653 | Orc:2    | Found a staircase to the Elven Halls.
 21654 | Orc:2    | 21654 ||| INVOKING Heroism.
 21687 | Orc:2    | Found Upnirgh's General Store.
 21706 | Orc:2    | Reached XP level 16. HP: 106/106 MP: 23/23
 21715 | Orc:2    | 21715 ||| INVOKING Heroism.
 21735 | Orc:2    | Paralysed by an orc sorcerer for 5 turns
 21743 | Orc:2    | HP: 8/106 [orc knight/+0 battleaxe (36)]
 21744 | Orc:2    | 21744 ||| DRINKING 3 potions of heal wounds.
 21757 | Orc:2    | HP: 25/106 [sixfirhy[an orc sorcerer] (8)]
 21758 | Orc:2    | 21758 ||| DRINKING 2 potions of heal wounds.
 21767 | Orc:2    | HP: 20/106 [ice devil[an orc high priest] (16)]
 21768 | Orc:2    | 21768 ||| DRINKING potion of heal wounds.
 21773 | Orc:2    | HP: 26/106 [orc high priest/divine providence (12)]
 21777 | Orc:2    | Paralysed by an orc sorcerer for 2 turns
 21778 | Orc:2    | HP: 23/106 [troll (1)]
 21778 | Orc:2    | HP: 11/106 [troll (1)]
 21779 | Orc:2    | HP: 3/106 [troll (6)]
 21781 | Orc:2    | 21781 ||| INVOKING Heroism.
 21783 | Orc:2    | Killed from afar by an orc high priest

Levels and vault maps discovered:
D:1:      dpeg_arrival_orchard, layout_basic, basic_ecumenical_altar,
          minmay_cut_off
D:2:      layout_basic
D:3:      layout_basic, serial_shops, shop
D:4:      layout_loops_corners, mainiacjoe_overflow_concentric_impassable,
          minmay_temple_entry_poolview, chequers_ossuary_entry_cave
D:5:      layout_basic, mainiacjoe_overflow_paths, chequers_mini_garden
D:6:      layout_rooms, mainiacjoe_overflow_chevrons, uniq_maggie
D:7:      layout_basic, mainiacjoe_overflow_24_doors, trog_book,
          kennysheep_little_box, uniq_prince_ribbit1
D:8:      layout_loops_corners, mainiacjoe_overflow_surrounded_room, minitemple,
          serial_shops, shop
D:9:      layout_gridville, zin_angel, erik_lair_orcish_takeover, erik_orc_2,
          enter_bailey_5
D:10:     layout_gridville, uniq_psyche
D:11:     layout_gridville
D:12:     layout_cross, serial_shops, nicolae_diamond_shop,
          chequers_serial_rivers_micro_a, dreamdust_mushroom_princess,
          uniq_kirke, uniq_azrael
D:13:     nicolae_cairo_tiling_large, layout_loops_ring,
          skrybe_vaults_entry_preservation, serial_shops, shop,
          nicolae_shop_mannequins, shop, shop, uniq_frances, uniq_jorgrun
D:14:     layout_roguey, corexii_hall_statues_l
D:15:     gammafunk_enter_depths_forms, layout_rooms, lightli_church_of_beogh
Temple:   nicolae_temple_ecumenical_triangle
Lair:1:   layout_regular_city, uniq_grum
Lair:2:   layout_cave_pods, swamp_mist, dummy_snake_entry,
          portal_ice_cave_entry_pillars_2, serial_bayou_ford_a, evilmike_ambush
          [evilmike_ambush_outer_basic, evilmike_ambush_inner_pond],
          uniq_gastronok
Lair:3:   layout_regular_city, dpeg_oklob_1, infiniplex_staircase_pool,
          grunt_megastairs_4, uniq_sonja
Lair:4:   regret_index_bee_streams, layout_gridlike, slime_entry_2,
          serial_bayou_shore_a
Lair:5:   hangedman_lair_caniforms_friends, layout_misc_corridors, uniq_nessos
Orc:1:    nicolae_orc_accident_2, layout_caves, uniq_maurice, uniq_erica
Orc:2:    grunt_orc_gardens, layout_caves, grunt_orc_garden, grunt_orc_garden,
          grunt_orc_garden, grunt_orc_garden, basic_altar

Skill      XL: |  1  2  3  4  5  6  7  8  9 10 11 12 13 14 15 |
---------------+----------------------------------------------+-----
Ranged Weapons | 5 6 7 8 9 11 13 14 15 17 19 20 | 20.0
Fighting       | 3 4 5 6 7 8 10 11 12 14 | 14.0
Armour         | 1 2 3 4 5 6 7 8 |  8.0
Dodging        | 2 4 5 6 7 9 |  9.4
Invocations    | 4 7 10 | 10.0
Stealth        | |  1.1

Action                     |  1- 3 |  4- 6 |  7- 9 | 10-12 | 13-15 | 16-18 || total
---------------------------+-------+-------+-------+-------+-------+-------++-------
   Fire: Shortbow          |    89 |       |       |       |       |       ||    89
         Longbow           |    29 |   112 |   203 |   501 |  1242 |    59 ||  2146
 Invoke: Heroism           |       |       |     7 |    27 |    35 |     2 ||    71
         Finesse           |       |       |       |     3 |     4 |       ||     7
    Use: Scroll            |     3 |     5 |    11 |     8 |    12 |       ||    39
         Potion            |     1 |       |     2 |     2 |     4 |     3 ||    12
 Armour: Leather armour    |    24 |    14 |       |       |       |       ||    38
         Ring mail         |       |    10 |    69 |   179 |   361 |       ||   619
         Troll leather arm |       |       |       |       |    66 |   107 ||   173
  Dodge: Dodged            |    38 |    25 |    73 |   212 |   616 |   230 ||  1194

Table legend:
 A = Non-vault XP
 B = Vault XP
 C = Vault XP percentage of total XP
 D = Non-vault monster count
 E = Vault monster count
 F = Vault count percentage of total count
                 A         B        C        D         E       F
            +---------+---------+-------+---------+---------+-------
      Total |   79952 |   52600 |  39.7 |     426 |     229 |  35.0
            +---------+---------+-------+---------+---------+-------
        D:1 |      38 |      10 |  20.8 |      24 |       5 |  17.2
        D:2 |      72 |       0 |   0.0 |      27 |       0 |   0.0
        D:3 |     383 |       0 |   0.0 |      24 |       0 |   0.0
        D:4 |     297 |       0 |   0.0 |      13 |       0 |   0.0
        D:5 |     628 |       0 |   0.0 |      19 |       0 |   0.0
        D:6 |    1016 |     443 |  30.4 |      13 |       1 |   7.1
        D:7 |     831 |     268 |  24.4 |      12 |       1 |   7.7
        D:8 |    2327 |     103 |   4.2 |      22 |       4 |  15.4
        D:9 |    4459 |    1498 |  25.1 |      48 |      30 |  38.5
       D:10 |    1286 |     365 |  22.1 |      11 |       1 |   8.3
       D:11 |    5524 |       0 |   0.0 |      19 |       0 |   0.0
       D:12 |    7439 |    4321 |  36.7 |      23 |      14 |  37.8
       D:13 |    5612 |    7353 |  56.7 |      14 |      11 |  44.0
       D:14 |    6495 |       0 |   0.0 |      19 |       0 |   0.0
       D:15 |    4168 |    5988 |  59.0 |      10 |      12 |  54.5
     Lair:1 |    2997 |     546 |  15.4 |      17 |       4 |  19.0
     Lair:2 |   10659 |    1785 |  14.3 |      28 |       3 |   9.7
     Lair:3 |    5784 |    1568 |  21.3 |      22 |       3 |  12.0
     Lair:4 |    8805 |   10492 |  54.4 |      15 |      55 |  78.6
     Lair:5 |    7750 |   10258 |  57.0 |      19 |      56 |  74.7
      Orc:1 |    2097 |    2261 |  51.9 |       9 |       7 |  43.8
      Orc:2 |    1285 |    5173 |  80.1 |      18 |      10 |  35.7
    Ossuary |       0 |     168 | 100.0 |       0 |      12 | 100.0
            +---------+---------+-------+---------+---------+-------
